 Dungeon Crawl Stone Soup version 0.26.1-11-gd32895ea62 (webtiles) character file.

Game seed: 5461761562812147084

74 H0rd4k the Insei (level 4, -2/28 HPs)
             Began as an Octopode Transmuter on May 5, 2021.
             Slain by a hound (5 damage)
             ... on level 3 of the Dungeon.
             The game lasted 00:01:21 (1727 turns).

H0rd4k the Insei (Octopode Transmuter)              Turns: 1727, Time: 00:01:21

Health: -2/28      AC:  1    Str:  9    XL:     4   Next: 28%
Magic:  7/7        EV: 13    Int: 16    God:
Gold:   94         SH:  0    Dex: 12    Spells: 3/7 levels left

rFire    . . .     SeeInvis .     - Unarmed
rCold    . . .     Faith    .   (no shield)
rNeg     . . .     Spirit   .   (helmet restricted)
rPois    .         Reflect  .   (no amulet)
rElec    .         Harm     .   (no ring)
rCorr    .         Rampage  .   (no ring)
Will     .....                  (no ring)
Stlth    +++.......             (no ring)
HPRegen  0.09/turn              (no ring)
MPRegen  0.10/turn              (no ring)
                                (no ring)
                                (no ring)

@: lethally poisoned (-2 -> -5), invisible
A: almost no armour, stealthy swim, amphibious, 8 rings, constrict 8, camouflage
1, gelatinous body 1
a: no special abilities


You were on level 3 of the Dungeon.
You visited 1 branch of the dungeon, and saw 3 of its levels.

You collected 94 gold pieces.

Inventory:

Scrolls
 b - 2 scrolls of fear {unknown}
 d - a scroll of amnesia {unknown}
 e - a scroll of random uselessness {unknown}
 g - a scroll of enchant armour {unknown}
 h - a scroll of remove curse {unknown}
 j - a scroll of teleportation {unknown}
Potions
 a - a potion of heal wounds {unknown}
 c - a potion of magic {unknown}
 f - a potion of invisibility
 i - 4 potions of degeneration {unknown}
 k - a potion of haste {unknown}


   Skills:
 + Level 1.2 Fighting
 + Level 2.1 Dodging
 - Level 1.0 Stealth
 + Level 3.9 Unarmed Combat
 * Level 2.4 Spellcasting
 * Level 2.5 Transmutations
 * Level 1.2 Poison Magic


You had 3 spell levels left.
You knew the following spells:

 Your Spells              Type           Power        Failure   Level
a - Beastly Appendage     Tmut           20%          7%          1
b - Spider Form           Tmut/Pois      3%           28%         3

Your spell library contained the following spells:

 Spells                   Type           Power        Failure   Level
 Wereblood                Tmut           10%          11%         2
 Ice Form                 Ice/Tmut       5%           75%         4
 Blade Hands              Tmut           5%           89%         5


Dungeon Overview and Level Annotations

Branches:
Dungeon (3/15)

Altars:
Hepliaklqana
Trog


Innate Abilities, Weirdness & Mutations

You cannot wear most types of armour.
You are very stealthy in the water. (Stealth+)
You are amphibious.
You can wear up to eight rings at the same time.
You can use your tentacles to constrict eight enemies at once.
Your skin changes colour to match your surroundings (Stealth+).
Your rubbery body absorbs attacks. (AC +1, EV +1)


Message History

You constrict the hound, but do no damage.
You feel sick. The adder barely misses you.
The goblin shoots a stone.
The stone hits you! The hound misses you.
You are too injured to fight recklessly!
You are too injured to fight recklessly!
You are too injured to fight recklessly!
You are too injured to fight recklessly!
You are too injured to fight recklessly!
You are too injured to fight recklessly!
You are too injured to fight recklessly!
You release your grip on the hound.
The goblin shoots a stone.
The stone hits you!
* * * LOW HITPOINT WARNING * * *
The adder bites you.
* * * LOW HITPOINT WARNING * * *
You see here a poisoned dart.
It was a potion of invisibility.
You fade into invisibility!
The hound bites you.
You die...

######## #.......
#.......
######...<...
##............
####..###.......#
##)........#####.#
###...♣.♣#######....
####.S@(.#.# ##.....
#....h...♣.♣ #......
.............#
#.<....
###....g...♣.♣
#......
#....g.......#
##.....
..#..(.....[.#
#...<..
...............
#......
#............##.
#......
#.....?......#
##.....


You could see a hound, an adder, a hobgoblin and a goblin.

Vanquished Creatures
  2 adders (D:2)
  A worm (D:2)
  3 dart slugs
  2 leopard geckos
  6 bats
  3 giant cockroaches (D:1)
  8 goblins
  3 hobgoblins
  A quokka (D:2)
  3 frilled lizards (D:1)
  7 kobolds
  8 rats
47 creatures vanquished.

Vanquished Creatures (others)
  3 plants (D:3)
3 creatures vanquished.

Grand Total: 50 creatures vanquished

Notes
Turn   | Place    | Note
-------+----------+-------------------------------------------
     0 | D:1      | H0rd4k the Octopode Transmuter began the quest for the Orb.
     0 | D:1      | Reached XP level 1. HP: 13/13 MP: 3/3
   215 | D:1      | Reached XP level 2. HP: 18/18 MP: 5/5
   521 | D:1      | Reached XP level 3. HP: 23/23 MP: 6/6
   525 | D:1      | Learned a level 3 spell: Spider Form
   570 | D:1      | Reached skill level 1 in Stealth
  1361 | D:2      | Reached XP level 4. HP: 19/28 MP: 7/7
  1369 | D:2      | Reached skill level 1 in Poison Magic
  1509 | D:2      | Found a bloodstained altar of Trog.
  1513 | D:2      | Found a hazy altar of Hepliaklqana.
  1727 | D:3      | Slain by a hound

Illustrated notes

Levels and vault maps discovered:
D:1:      saegor_arrival_simple_a, layout_basic
D:2:      layout_rooms, grunt_temple_overflow_open
D:3:      layout_rooms, fedhas_altar_3, serial_forest, infiniplex_forest_end_2,
          infiniplex_forest_lined_1, infiniplex_forest_clump_small,
          infiniplex_forest_clump_diagonal, infiniplex_forest_lined_2,
          infiniplex_forest_clump_tiny, minmay_puff

Skill      XL: |  1  2  3  4 |
---------------+-------------+-----
Stealth        | 1 |  1.0
Poison Magic   | 1 |  1.2
Fighting       | |  1.2
Dodging        | |  2.1
Unarmed Combat | |  3.9
Spellcasting   | |  2.4
Transmutations | |  2.5

Action                   |  1- 3 |  4- 6 || total
-------------------------+-------+-------++-------
Melee: Unarmed           |    81 |    16 ||    97
       Constrict         |    19 |     3 ||    22
       Tentacles         |    13 |     2 ||    15
       Punch             |     1 |       ||     1
  Use: Potion            |       |     1 ||     1
 Stab: Sleeping          |    15 |     1 ||    16
Armor: Skin              |     7 |     1 ||     8
Dodge: Dodged            |    43 |    10 ||    53
